 Dungeon Crawl Stone Soup version 0.20.1-1-g8b1a95d (webtiles) character file.

124035 opopo the Unseen (level 16, -9/75 HPs)
             Began as a Spriggan Enchanter on July 18, 2017.
             Was the Champion of Kikubaaqudgha.
             Mangled by an alligator (21 damage)
             ... on level 4 of the Swamp.
             The game lasted 03:27:37 (45403 turns).

opopo the Unseen (Spriggan Enchanter)              Turns: 45403, Time: 03:27:37

Health: -9/75      AC:  4    Str:  5    XL:     16   Next: 38%
Magic:  24/35      EV: 30    Int: 23    God:    Kikubaaqudgha [******]
Gold:   1493       SH: 10    Dex: 19    Spells: 10/43 levels left

rFire    . . .     SeeInvis +   p - +9 dagger (pain)
rCold    . . .     Gourm    .   W - +2 buckler
rNeg     . . .     Faith    .   S - +2 robe {MR+}
rPois    .         Spirit   .   (helmet restricted)
rElec    .         Reflect  .   (no cloak)
rCorr    .         Harm     .   (gloves unavailable)
MR       +++..                  (boots unavailable)
Stlth    +++++++...             a - amulet of magic regeneration
Regen    0.3/turn               q - +3 ring of intelligence
MPRegen  0.4/turn               c - ring of flight

@: lethally poisoned (-9 -> -12), very quick
A: unfitting armour, see invisible, herbivore 3, speed 3, slow metabolism 2
a: Receive Corpses, Torment, Renounce Religion, Evoke Flight


You were on level 4 of the Swamp.
You worshipped Kikubaaqudgha.
Kikubaaqudgha was exalted by your worship.
You were not hungry.

You visited 6 branches of the dungeon, and saw 27 of its levels.

You collected 2785 gold pieces.
You spent 1292 gold pieces at shops.

Inventory:

Hand Weapons
 p - a +9 dagger of pain (weapon)
 y - a +3 dagger of venom
 G - a +5 short sword of freezing
Armour
 e - a +0 robe of positive energy
 s - +0 acid dragon scales
 C - the +0 robe "Ushre" {rElec}
   (You found it on level 5 of the Dungeon)

   It insulates you from electricity.
 K - a +1 robe of fire resistance
 R - +0 swamp dragon scales
 S - a +2 robe of magic resistance (worn)
 W - a +2 buckler (worn)
 X - +0 swamp dragon scales
Jewellery
 a - an amulet of magic regeneration (around neck)
 c - a ring of flight (right hand)
 q - a +3 ring of intelligence (left hand)
 F - an uncursed ring of stealth
 Y - an uncursed ring of poison resistance
Wands
 b - a wand of confusion (21/48)
 f - a wand of digging (5/24)
 v - a wand of confusion (9/48)
 x - a wand of disintegration (15/24)
 D - a wand of disintegration (15/24)
 I - a wand of clouds (1/9)
 M - a wand of flame (5/48)
 P - a wand of flame (40/48)
 U - a wand of iceblast (11/15)
Scrolls
 g - 4 scrolls of remove curse
 h - 5 scrolls of magic mapping
 i - 2 scrolls of enchant weapon
 l - 3 scrolls of enchant armour
 u - 6 scrolls of teleportation
 A - 6 scrolls of amnesia
 E - a scroll of recharging
 J - 3 scrolls of identify
 T - a scroll of holy word
 Z - 2 scrolls of fog
Potions
 j - 7 potions of curing
 k - a potion of brilliance
 m - 3 potions of haste
 n - 3 potions of berserk rage
 o - 2 potions of cancellation
 r - 3 potions of lignification
 w - 2 potions of might
 z - 3 potions of agility
 B - a potion of magic
 H - 5 potions of flight
 O - a potion of resistance
Books
 L - Kikubaaqudgha's Papyrus of Necromancy
   (Kikubaaqudgha gifted it to you on level 10 of the Dungeon)

   Spells                             Type                      Level
   a - Animate Dead                   Necromancy                   4
   b - Excruciating Wounds            Charms/Necromancy            5
   c - Agony                          Necromancy                   5
   d - Dispel Undead                  Necromancy                   5
   e - Simulacrum                     Ice/Necromancy               6
 N - a book of Fire

   Spells                             Type                      Level
   a - Ignite Poison                  Fire/Transmutation/Poison    3
   b - Fireball                       Conjuration/Fire             5
   c - Bolt of Fire                   Conjuration/Fire             6
   d - Ring of Flames                 Charms/Fire                  7
   e - Ignition                       Fire                         8
 Q - Ts'ui Pên's Almanac of Forking Paths
   (You found it on level 12 of the Dungeon)

   Spells                             Type                      Level
   a - Spectral Weapon                Hexes/Charms                 3
   b - Tukima's Dance                 Hexes                        3
   c - Invisibility                   Hexes                        6
 V - a book of Flames

   Spells                             Type                      Level
   a - Flame Tongue                   Conjuration/Fire             1
   b - Throw Flame                    Conjuration/Fire             2
   c - Conjure Flame                  Conjuration/Fire             3
   d - Inner Flame                    Hexes/Fire                   3
   e - Sticky Flame                   Conjuration/Fire             4
   f - Fireball                       Conjuration/Fire             5
Comestibles
 d - 14 bread rations
 t - a royal jelly


   Skills:
 - Level 4.4 Fighting
 - Level 10.0 Short Blades
 - Level 7.9 Armour
 - Level 12.3 Dodging
 - Level 18.7 Stealth
 - Level 7.4 Shields
 - Level 14.0 Spellcasting
 * Level 1.0 Conjurations
 - Level 7.1 Hexes
 * Level 12.3 Necromancy
 * Level 4.0 Ice Magic


You had 10 spell levels left.
You knew the following spells:

 Your Spells              Type           Power        Failure   Level  Hunger
a - Animate Dead          Necr           N/A          1%          4    None
b - Ensorcelled Hibernat  Hex/Ice        #####.       1%          2    None
c - Confuse               Hex            #####...     1%          3    None
d - Dazzling Spray        Conj/Hex       #####.       1%          3    None
e - Dispel Undead         Necr           ######..     1%          5    ###....
f - Passwall              Tmut/Erth      ###.......   5%          2    None
g - Conjure Flame         Conj/Fire      ###.....     9%          3    None
h - Bolt of Draining      Conj/Necr      #####.....   6%          5    ###....
i - Simulacrum            Ice/Necr       ######....   19%         6    #####..


Dungeon Overview and Level Annotations

Branches:
Dungeon (13/15) Temple (1/1) D:6 Lair (6/6) D:11 Swamp (4/4) Lair:3 Snake (1/4) Lair:4 Slime (0/5) Lair:6 Orc (2/2) D:12 Elf (0/3) Orc:2 Vaults (0/5) D:12 D:13

Altars:
Ashenzari
Cheibriados
Dithmenos
Elyvilon
Fedhas
Gozag
Hepliaklqana
Kikubaaqudgha
Makhleb
Nemelex Xobeh
Okawaru
Qazlal
Ru
Sif Muna
Trog
Uskayaw
Vehumet
Xom
Yredelemnul
Zin
The Shining One

Shops:
D:8 :   D:11 *   Orc:2 ?**=

Annotations:
D:10 gargoyle


Innate Abilities, Weirdness & Mutations

You are very small and have problems with some larger weapons.
You are too small for most types of armour.
You have supernaturally acute eyesight. (SInv)
You are a herbivore.
You cover ground extremely quickly.
You need consume almost no food.


Message History

The eight-headed hydra roars!
You feel sick. The alligator misses you. The alligator tail-slaps you.
You feel sick. The alligator completely misses you.
The alligator tail-slaps you but does no damage.
You feel sick.
You enter the shallow water.
Moving in this stuff is going to be slow.
You feel sick.
The eight-headed hydra barely misses you.
You block the eight-headed hydra's attack. x2
The eight-headed hydra misses you. The eight-headed hydra bites you!
* * * LOW HITPOINT WARNING * * *
The eight-headed hydra bites you!
* * * LOW HITPOINT WARNING * * *
The eight-headed hydra closely misses you.
The eight-headed hydra bites you.
* * * LOW HITPOINT WARNING * * *
You feel sick. The alligator bites you!!
You die...
Kikubaaqudgha rasps: "You have failed me!
Welcome... death!"

♣.≈≈≈≈≈≈≈≈♣♣♣.♣≈♣♣♣.♣.♣.♣≈♣♣♣.
♣♣≈.≈≈≈≈≈≈♣♣♣♣≈♣.♣≈♣♣♣)♣.♣.≈.♣
♣.)≈≈≈≈≈≈≈♣♣♣♣.♣.♣f♣≈.♣♣...♣≈
♣...D.≈≈≈≈.♣♣.♣♣♣≈♣≈♣≈..♣≈♣..
♣♣≈...≈≈≈≈≈♣♣♣.♣.♣♣♣.♣≈..♣..≈
♣♣♣...≈≈≈≈.♣♣♣(≈.♣.♣♣♣.♣.♣≈≈
♣.≈≈...D.♣♣...♣.♣.♣..♣♣.≈≈
♣.≈≈.♣≈≈♣♣...♣♣≈..♣≈≈)...≈
♣♣♣≈≈.§♣t@.≈.≈≈≈≈≈≈♣§≈≈≈..
♣..≈..≈♣♣≈.≈♣♣.≈♣♣♣♣≈.≈≈.≈
♣...♣♣♣♣♣♣♣♣♣♣♣♣♣ ♣♣♣.≈≈..
♣.≈.♣ ♣♣♣♣ ♣♣≈.≈≈≈.≈ ♣[≈.♣
♣♣♣≈≈♣♣♣.≈≈.≈≈≈≈ ♣♣≈≈*
♣≈....♣..≈≈≈.≈≈≈ ****
♣.≈≈≈..≈♣♣♣♣♣.≈≈ ♣...≈.♣♣♣
♣♣.. ♣♣♣♣♣♣♣ ♣♣♣


You could see a shambling mangrove (wandering) and an alligator.

Vanquished Creatures
  Rupert (Lair:5)
  A thorn hunter (Swamp:3)
  2 orc warlords (Orc:1)
  A fire dragon (Lair:6)
  A naga warrior (Snake:1)
  17 hydras
  A centaur warrior (D:12)
  Erica (Lair:1)
  7 alligators
  3 two-headed ogres
  4 orc high priests (Orc:2)
  15 death yaks
  A tengu warrior (D:12)
  3 spriggans
  A naga sharpshooter (Snake:1)
  Sonja (D:11)
  The ghost of Begomoth the Geomancer, a novice GrEE (D:8)
  7 swamp dragons
  5 orc knights (Orc:2)
  A shambling mangrove (Swamp:1)
  3 deep elf magi (D:12)
  2 orc sorcerers (Orc:2)
  2 oklob plants (Lair:6)
  A cyclops (D:11)
  A manticore (D:11)
  6 elephants (Lair:6)
  17 black mambas
  A naga mage (Snake:1)
  Psyche (D:9)
  A guardian serpent (Snake:1)
  A molten gargoyle (Lair:4)
  A gargoyle (D:10)
  14 spiny frogs
  3 rime drakes (Lair:6)
  8 komodo dragons
  The ghost of lotsofdiagrams the Stinger, an amateur NaVM of Fedhas (D:4)
  6 bog bodies
  21 slime creatures
  2 tyrant leeches (Swamp:1)
  5 trolls
  A polar bear (Lair:5)
  8 hornets
  23 blink frogs
  4 dream sheep (Lair:4)
  8 hippogriffs
  2 shadows
  A vampire (D:12)
  3 wyverns
  A wraith (D:12)
  4 humans (D:12)
  43 yaks
  2 basilisks
  A hungry ghost (D:12)
  7 vampire mosquitoes
  An insubstantial wisp (Swamp:2)
  Menkaure (D:6)
  19 swamp worms
  A warg (D:12)
  An acid dragon (Lair:6)
  6 nagas
  9 water moccasins
  8 porcupines
  12 swamp drakes
  3 ice beasts
  59 orc warriors
  3 black bears
  6 ogres
  4 eyes of draining
  19 centaurs
  13 wolves
  3 phantoms
  5 sky beasts
  2 necrophages
  21 crocodiles
  A big kobold (D:6)
  19 bullfrogs
  2 gnoll sergeants
  A wyvern zombie (D:6)
  6 scorpions
  7 killer bees
  9 wights
  3 howler monkeys
  A vampire bat (D:4)
  2 electric eels (Lair:1)
  5 crimson imps
  A bullfrog zombie (D:12)
  A centaur zombie (D:12)
  6 hounds
  6 jellies
  28 orc priests
  16 orc wizards
  2 bullfrog skeletons (D:10)
  5 centaur skeletons
  Ijyb (D:4)
  2 iguanas
  8 worker ants
  A hound zombie (D:6)
  2 worker ant zombies
  21 gnolls
  17 adders
  3 shadow imps
  7 oozes
  An adder zombie (D:5)
  An adder skeleton (D:4)
  A dart slug (D:2)
  3 fire bats (D:4)
  4 leopard geckos
  109 orcs
  2 spectral bats (D:4)
  21 bats
  A bat simulacrum (D:4)
  3 bat skeletons (D:4)
  A bat zombie (D:4)
  7 giant cockroaches
  6 goblins
  8 hobgoblins
  7 jackals
  7 quokkas
  A ball python skeleton (D:4)
  7 frilled lizards
  2 jackal zombies
  13 kobolds
  A leopard gecko skeleton (D:5)
  5 rats
  A plant (D:11)
870 creatures vanquished.

Vanquished Creatures (collateral kills)
  Jorgrun (Swamp:4)
  2 thorn hunters
  Kirke (Lair:5)
  5 hydras
  3 alligators
  2 swamp dragons (Swamp:4)
  An elephant (Lair:6)
  2 spiny frogs
  A hornet (Swamp:4)
  A tyrant leech (Swamp:4)
  6 slime creatures
  3 bog bodies
  A hippogriff (Lair:5)
  A spriggan (Swamp:4)
  2 swamp worms
  4 vampire mosquitoes
  3 insubstantial wisps (Swamp:2)
  A swamp drake (Lair:6)
  2 orc warriors
  3 orc priests
  An orc wizard (Orc:2)
  8 orcs
  A briar patch (Swamp:4)
  A fungus (Lair:5)
  A plant (Lair:6)
57 creatures vanquished.

Vanquished Creatures (others)
  5 humans (Lair:6)
  An acid dragon (Lair:6)
  An orc wizard (Orc:2)
  An orc (Orc:2)
  18 fungi
  26 plants
52 creatures vanquished.

Grand Total: 979 creatures vanquished

Notes
Turn   | Place    | Note
-------+----------+-------------------------------------------
     0 | D:1      | opopo the Spriggan Enchanter began the quest for the Orb.
     0 | D:1      | Reached XP level 1. HP: 9/9 MP: 5/5
   337 | D:1      | Reached XP level 2. HP: 13/13 MP: 6/6
   369 | D:1      | Reached skill level 5 in Stealth
   465 | D:1      | Found a glowing golden altar of the Shining One.
   740 | D:1      | Learned a level 2 spell: Ensorcelled Hibernation
   861 | D:2      | Reached XP level 3. HP: 16/16 MP: 8/8
   866 | D:2      | Learned a level 3 spell: Confuse
  1471 | D:2      | Reached skill level 6 in Stealth
  1935 | D:2      | Reached XP level 4. HP: 21/21 MP: 6/9
  2018 | D:2      | Learned a level 3 spell: Dazzling Spray
  2373 | D:3      | Found a hazy altar of Hepliaklqana.
  2503 | D:3      | Found a glowing golden altar of the Shining One.
  2567 | D:3      | Reached skill level 7 in Stealth
  2797 | D:3      | Reached XP level 5. HP: 24/24 MP: 8/11
  3286 | D:3      | Reached skill level 5 in Hexes
  3632 | D:4      | Noticed an ogre
  3639 | D:4      | Killed an ogre
  3639 | D:4      | Reached skill level 8 in Stealth
  3639 | D:4      | Reached XP level 6. HP: 28/28 MP: 9/12
  3809 | D:4      | Noticed Ijyb
  3883 | D:4      | Killed Ijyb
  4061 | D:4      | Reached skill level 9 in Stealth
  4061 | D:4      | Reached XP level 7. HP: 32/32 MP: 12/14
  4202 | D:4      | Noticed lotsofdiagrams's ghost (amateur NaVM)
  4392 | D:4      | Killed lotsofdiagrams's ghost
  4497 | D:4      | Found a blossoming altar of Fedhas.
  4640 | D:4      | Reached skill level 10 in Stealth
  5022 | D:4      | Reached skill level 5 in Short Blades
  5159 | D:5      | Entered Level 5 of the Dungeon
  5362 | D:5      | Reached XP level 8. HP: 36/36 MP: 9/16
  5433 | D:5      | Reached skill level 11 in Stealth
  5433 | D:5      | Reached skill level 5 in Spellcasting
  5947 | D:5      | Found a deep blue altar of Sif Muna.
  6017 | D:5      | Got a smoking robe
  6028 | D:5      | Identified the +0 robe "Ushre" {rElec} (You found it on level 5 of the Dungeon)
  6888 | D:6      | Reached skill level 12 in Stealth
  7346 | D:6      | Found a staircase to the Ecumenical Temple.
  7351 | D:6      | Noticed Menkaure
  7368 | D:6      | Killed Menkaure
  7368 | D:6      | Reached XP level 9. HP: 39/39 MP: 7/19
  7377 | Temple   | Entered the Ecumenical Temple
  7507 | Temple   | Became a worshipper of Kikubaaqudgha
  7556 | D:6      | Reached skill level 13 in Stealth
  7867 | D:6      | You fall through a shaft!
  8348 | D:6      | Reached * piety under Kikubaaqudgha
  8348 | D:6      | Identified Kikubaaqudgha's Catalogue of Black Arts (Kikubaaqudgha gifted it to you on level 6 of the Dungeon)
  8348 | D:6      | Received a gift from Kikubaaqudgha
  9417 | D:7      | Reached skill level 1 in Necromancy
  9541 | D:7      | Reached skill level 5 in Dodging
 10261 | D:8      | Reached skill level 14 in Stealth
 10440 | D:8      | Reached ** piety under Kikubaaqudgha
 10558 | D:8      | Noticed Begomoth's ghost (novice GrEE)
 10567 | D:8      | Killed Begomoth's ghost
 10567 | D:8      | Reached XP level 10. HP: 41/44 MP: 16/22
 10620 | D:8      | Found an opulent altar of Gozag.
 10621 | D:8      | Found a sacrificial altar of Ru.
 10859 | D:8      | Found Ihop's Book Shoppe.
 10935 | D:8      | Reached skill level 1 in Shields
 11316 | D:9      | Noticed a two-headed ogre
 11329 | D:9      | Killed a two-headed ogre
 11356 | D:9      | Noticed Psyche
 11366 | D:9      | Killed Psyche
 12069 | D:10     | Entered Level 10 of the Dungeon
 12075 | D:10     | Reached *** piety under Kikubaaqudgha
 12075 | D:10     | Identified Kikubaaqudgha's Papyrus of Necromancy (Kikubaaqudgha gifted it to you on level 10 of the Dungeon)
 12075 | D:10     | Received a gift from Kikubaaqudgha
 12093 | D:10     | Reached skill level 10 in Short Blades
 12662 | D:10     | Learned a level 4 spell: Animate Dead
 12948 | D:10     | Reached XP level 11. HP: 30/47 MP: 17/23
 13432 | D:10     | Reached skill level 5 in Shields
 13569 | D:11     | Noticed Sonja
 13573 | D:11     | Killed Sonja
 13777 | D:11     | Found Qacvul's Assorted Antiques.
 14559 | D:10     | Reached skill level 5 in Necromancy
 14659 | D:11     | Found a staircase to the Lair.
 14989 | D:11     | Reached **** piety under Kikubaaqudgha
 16438 | D:12     | Noticed a deep elf mage
 16440 | D:12     | Noticed a deep elf mage
 16450 | D:12     | Noticed a deep elf mage
 16463 | D:12     | Noticed a wizard
 16463 | D:12     | Noticed a tengu warrior
 16526 | D:11     | Reached XP level 12. HP: 47/51 MP: 21/26
 16746 | D:12     | Noticed a four-headed hydra
 17085 | D:12     | Killed a tengu warrior
 17324 | D:12     | Killed a four-headed hydra
 17394 | D:12     | Reached skill level 10 in Spellcasting
 17544 | D:12     | Identified the Incunabulum of Sand
 17551 | D:12     | Identified Ts'ui Pên's Almanac of Forking Paths
 17566 | D:12     | Identified the Catalogue of Axaxaxas mlö
 17591 | D:11     | Reached ***** piety under Kikubaaqudgha
 17680 | D:11     | Learned a level 5 spell: Dispel Undead
 17683 | D:11     | Learned a level 2 spell: Passwall
 17909 | D:12     | Found a staircase to the Orcish Mines.
 18206 | Lair:1   | Entered Level 1 of the Lair of Beasts
 18277 | Lair:1   | Noticed a five-headed hydra
 18321 | Lair:1   | Killed a five-headed hydra
 18378 | Lair:1   | Noticed Erica
 18381 | Lair:1   | Killed Erica
 18381 | Lair:1   | Reached skill level 1 in Fighting
 21033 | Lair:3   | Found a staircase to the Swamp.
 21044 | Lair:3   | Noticed a seven-headed hydra
 21055 | Lair:3   | Killed a seven-headed hydra
 21441 | Lair:3   | Reached XP level 13. HP: 41/59 MP: 11/30
 21832 | Lair:4   | Found a staircase to the Snake Pit.
 22056 | Lair:4   | Reached skill level 15 in Stealth
 22997 | Lair:5   | Reached skill level 16 in Stealth
 23452 | Orc:1    | Entered Level 1 of the Orcish Mines
 23529 | D:12     | Learned a level 3 spell: Conjure Flame
 24191 | Orc:1    | Reached skill level 10 in Dodging
 24531 | Orc:1    | Noticed an orc warlord
 24700 | Orc:1    | Killed an orc warlord
 25030 | Orc:2    | Entered Level 2 of the Orcish Mines
 25070 | Orc:2    | Found a staircase to the Elven Halls.
 25279 | Orc:2    | Noticed an orc warlord
 25518 | Orc:1    | Reached ****** piety under Kikubaaqudgha
 25766 | Orc:1    | Killed an orc warlord
 28272 | Orc:2    | Reached XP level 14. HP: 65/65 MP: 24/31
 29258 | Orc:2    | Found Akhy's Jewellery Shoppe.
 29259 | Orc:2    | Found Ope Runu's General Store.
 29259 | Orc:2    | Found Duelimpi's Assorted Antiques.
 29260 | Orc:2    | Found Weanga's Magic Scroll Shoppe.
 29273 | Orc:2    | Bought a scroll of identify for 20 gold pieces
 29273 | Orc:2    | Bought a scroll of fog for 20 gold pieces
 29273 | Orc:2    | Bought 2 scrolls of amnesia for 70 gold pieces
 29273 | Orc:2    | Bought a scroll of identify for 20 gold pieces
 29273 | Orc:2    | Bought a scroll of identify for 20 gold pieces
 29273 | Orc:2    | Bought a scroll of identify for 20 gold pieces
 29274 | Orc:2    | Bought 3 fruits for 72 gold pieces
 29518 | Lair:5   | Reached skill level 17 in Stealth
 30064 | Lair:5   | You fall through a shaft!
 30064 | Lair:6   | Entered Level 6 of the Lair of Beasts
 30759 | Lair:5   | Reached skill level 10 in Necromancy
 31488 | Lair:5   | Reached skill level 1 in Ice Magic
 32121 | Lair:6   | Found a staircase to the Slime Pits.
 32485 | Lair:6   | Reached skill level 18 in Stealth
 32497 | Lair:6   | Noticed Kirke
 32835 | Lair:5   | Noticed a sphinx
 32858 | Lair:5   | Killed Kirke
 33324 | Lair:6   | Noticed Rupert
 33742 | Lair:5   | Killed Rupert
 34286 | Lair:6   | Reached XP level 15. HP: 54/70 MP: 12/33
 34305 | Lair:6   | Reached skill level 1 in Armour
 36131 | D:13     | Found a gate to the Vaults.
 37027 | Swamp:1  | Entered Level 1 of the Swamp
 37241 | Swamp:1  | Noticed a thorn hunter
 37260 | Swamp:1  | Reached skill level 5 in Armour
 37809 | Swamp:1  | Killed a thorn hunter
 39598 | Swamp:3  | Noticed a thorn hunter
 39610 | Swamp:3  | Killed a thorn hunter
 40260 | Swamp:4  | Entered Level 4 of the Swamp
 41322 | Swamp:4  | Noticed Jorgrun
 41336 | Swamp:4  | Killed Jorgrun
 41336 | Swamp:4  | Reached XP level 16. HP: 50/75 MP: 9/35
 42046 | Snake:1  | Entered Level 1 of the Snake Pit
 42515 | D:8      | Bought a book of Death for 1050 gold pieces
 42521 | D:8      | Learned a level 5 spell: Bolt of Draining
 42538 | D:8      | Learned a level 6 spell: Simulacrum
 42829 | Snake:1  | Identified a +6 dagger of pain (a +4 dagger bloodied by Kikubaaqudgha)
 42829 | Snake:1  | Received a gift from Kikubaaqudgha
 44571 | Swamp:4  | Noticed a thorn hunter
 45041 | Swamp:4  | Killed a thorn hunter
 45041 | Swamp:4  | Reached skill level 1 in Conjurations
 45403 | Swamp:4  | Mangled by an alligator

Skill      XL: |  1  2  3  4  5  6  7  8  9 10 11 12 13 14 15 16 |
---------------+-------------------------------------------------+-----
Stealth        | 5 6 7 8 9 10 12 14 16 18 | 18.7
Spellcasting   | 3 4 6 7 9 12 13 14 | 14.0
Hexes          | 4 5 7 |  7.1
Short Blades   | 3 4 5 7 8 10 | 10.0
Dodging        | 5 6 7 9 11 12 | 12.3
Necromancy     | 2 3 5 6 9 10 11 12 | 12.3
Shields        | 4 6 7 |  7.4
Fighting       | 2 3 4 |  4.4
Ice Magic      | 2 3 4 |  4.0
Armour         | 7 |  7.9
Conjurations   | 1 |  1.0

Action                   |  1- 3 |  4- 6 |  7- 9 | 10-12 | 13-15 | 16-18 || total
-------------------------+-------+-------+-------+-------+-------+-------++-------
Melee: Dagger            |   160 |   121 |   361 |   461 |  1377 |   141 ||  2621
       Short sword       |       |       |       |       |     1 |       ||     1
 Cast: Ensorcelled Hiber |     8 |    29 |    60 |   154 |   185 |    14 ||   450
       Corona            |     1 |       |       |       |       |       ||     1
       Confuse           |       |       |    26 |    67 |   227 |    83 ||   403
       Dazzling Spray    |       |       |     7 |    63 |   236 |    17 ||   323
       Animate Dead      |       |       |       |     3 |    70 |     8 ||    81
       Conjure Flame     |       |       |       |       |     4 |       ||     4
       Bolt of Draining  |       |       |       |       |       |    12 ||    12
Invok: Receive Corpses   |       |       |       |     1 |    16 |     2 ||    19
       Brand Weapon With |       |       |       |       |       |     1 ||     1
Evoke: Wand              |       |       |       |     2 |     4 |       ||     6
  Use: Scroll            |       |       |    17 |     7 |    21 |     7 ||    52
       Potion            |       |       |       |       |     5 |     6 ||    11
 Stab: Sleeping          |    16 |    38 |    47 |   115 |   122 |    11 ||   349
       Confused          |       |       |    14 |    33 |   117 |    31 ||   195
       Distracted        |       |       |     2 |     2 |    11 |     1 ||    16
       Invisible         |       |       |     1 |    21 |    80 |     3 ||   105
  Eat: Bread ration      |       |     1 |       |       |       |       ||     1
       Fruit             |       |       |     3 |     7 |     3 |       ||    13
       Royal jelly       |       |       |       |     2 |    11 |     3 ||    16
Armor: Robe              |    16 |     8 |    35 |     8 |    17 |     3 ||    87
       Acid dragon scale |       |       |       |       |    29 |    10 ||    39
Dodge: Dodged            |   141 |    86 |   252 |   281 |   789 |   139 ||  1688
Block: Buckler           |       |       |       |   118 |   533 |    78 ||   729
